[Event "Titled Tuesday Blitz January 17 Early 2023"]
[White "Reprintsev, Alexander"]
[Black "Vasques, Antonio Pedro Freixial"]
[WhiteFideId "14100541"]
[BlackFideId "1908332"]
[WhiteElo "2253"]
[BlackElo "2214"]
[Result "1-0"]
[Round "07"]
[TimeControl "180+2"]
[Date "2023.01.17"]
[WhiteClock "0:01:38"]
[BlackClock "0:00:23"]

1. e4 c5 2. b3 e5 3. Bb2 d6 4. f4 exf4 5. Qf3 Qh4+ 6. g3 fxg3 7. hxg3 Qg4 8. Qe3 Nc6 9. Bh3 Qg6 10. Bf5 Nd4 11. Na3 Qf6 12. O-O-O Be6 13. Nf3 Nxf5 14. exf5 Qxf5 15. Ng5 O-O-O 16. Rdf1 Qg4 17. Rh4 Nf6 18. Rxg4 Nxg4 19. Qe4 d5 20. Qe2 Nf6 21. Nxe6 fxe6 22. Qxe6+ Kb8 23. Rxf6 gxf6 24. Bxf6 c4 25. Nb5 Ba3+ 26. Nxa3 Rhe8 27. Be7 Rc8 28. Nb5 1-0


[Site "https://www.chess.com"]

[Event "Titled Tuesday Blitz January 17 Early 2023"]
[White "Bettalli, Francesco"]
[Black "Abdilkhair, Abilmansur"]
[WhiteFideId "2816453"]
[BlackFideId "13716417"]
[WhiteElo "2252"]
[BlackElo "2268"]
[Result "1-0"]
[Round "07"]
[TimeControl "180+2"]
[Date "2023.01.17"]
[WhiteClock "0:00:57"]
[BlackClock "0:00:06"]

1. d4 e6 2. Nc3 d5 3. Nf3 Nf6 4. Bg5 Bb4 5. e3 O-O 6. Bd3 c5 7. dxc5 Nbd7 8. c6 bxc6 9. O-O h6 10. Bh4 Rb8 11. e4 Be7 12. e5 Ne8 13. Bg3 Rxb2 14. Nd4 Bb7 15. Na4 Rb4 16. c3 Rxa4 17. Qxa4 Nc5 18. Qc2 Nxd3 19. Qxd3 c5 20. Nf3 Nc7 21. Rfd1 Qd7 22. Rab1 Ba6 23. Qe3 Qa4 24. Rd2 Nb5 25. h4 Na3 26. Rb3 Nc4 27. Qe1 Nxd2 28. Qxd2 Bc4 29. Rb2 Rd8 30. Bf4 Bf8 31. Be3 Qa6 32. Qc1 Bd3 33. Ne1 Be4 34. f3 Bg6 35. g4 d4 36. cxd4 cxd4 37. Bf2 Ba3 38. Bxd4 Bxb2 39. Qxb2 Qc6 40. h5 Bh7 41. Bxa7 Qc4 42. Bf2 Qd5 43. a4 Ra8 44. Qb4 Bd3 45. Bb6 Bc2 46. Nxc2 Qxf3 47. Ne1 Qg3+ 48. Ng2 Rc8 49. Bf2 Qxg4 50. Qxg4 Rc1+ 51. Kh2 Rc2 52. Qd4 1-0


[Site "https://www.chess.com"]

[Event "Titled Tuesday Blitz January 17 Early 2023"]
[White "Sohier, Julien"]
[Black "Vagman, Roy"]
[WhiteFideId "645346"]
[BlackFideId "2828995"]
[WhiteElo "2214"]
[BlackElo "2273"]
[Result "1-0"]
[Round "07"]
[TimeControl "180+2"]
[Date "2023.01.17"]
[WhiteClock "0:00:34"]
[BlackClock "0:00:03"]

1. e4 c5 2. Nc3 Nc6 3. Bb5 g6 4. Bxc6 dxc6 5. f4 Bg7 6. d3 Nh6 7. Nf3 O-O 8. O-O f5 9. e5 Nf7 10. Be3 b6 11. a4 a5 12. Qe1 Be6 13. b3 Qc7 14. Qf2 Rad8 15. Nd2 Nxe5 16. fxe5 Bxe5 17. Bf4 Bxf4 18. Qxf4 Qxf4 19. Rxf4 Bd5 20. Nxd5 cxd5 21. Nf3 Rfe8 22. Re1 Rd6 23. Ne5 Kg7 24. Rf2 Re6 25. Rfe2 h6 26. Nd7 Rxe2 27. Rxe2 e6 28. Nxb6 Kf7 29. Nd7 Rc8 30. Ne5+ Kf6 31. Kf2 Rc7 32. g3 g5 33. g4 h5 34. gxh5 Rh7 35. Kg3 Ke7 36. Nc6+ Kd6 37. Nxa5 Rxh5 38. Nb7+ Kc6 39. Nd8+ Kd6 40. Nxe6 d4 41. Ng7 f4+ 42. Kg4 Rh7 43. Nf5+ Kc6 44. Kxg5 f3 45. Rf2 Kb6 46. h4 Ka5 47. h5 Kb4 48. h6 Kc3 49. Kg6 Rh8 50. h7 c4 51. bxc4 Ra8 52. Kf7 Ra5 53. Rxf3 Kxc2 54. Nxd4+ Kc3 55. Nb5+ Kb4 56. h8=Q Kxa4 57. Qa1+ Kb4 58. Qxa5+ Kc5 59. Qc7+ Kb4 60. Nd6 Ka4 61. Qb7 Ka3 62. Rf5 Ka2 63. Ra5# 1-0


[Site "https://www.chess.com"]

[Event "Titled Tuesday Blitz January 17 Early 2023"]
[White "Gheorghiu, Calin"]
[Black "Player, Edmund C"]
[WhiteFideId "1200305"]
[BlackFideId "406520"]
[WhiteElo "2313"]
[BlackElo "2204"]
[Result "1-0"]
[Round "07"]
[TimeControl "180+2"]
[Date "2023.01.17"]
[WhiteClock "0:01:14"]
[BlackClock "0:00:29"]

1. e4 e5 2. Nf3 Nc6 3. Bb5 a6 4. Ba4 Nf6 5. d3 b5 6. Bb3 Bc5 7. O-O O-O 8. c3 d6 9. Bg5 h6 10. Bh4 g5 11. Bg3 Bb6 12. Nbd2 Ne7 13. d4 exd4 14. cxd4 Ng6 15. e5 dxe5 16. dxe5 Nh5 17. Qc2 Nhf4 18. Ne4 Kg7 19. Rfd1 Qe7 20. Nf6 Bg4 21. Nxg4 1-0


[Site "https://www.chess.com"]

[Event "Titled Tuesday Blitz January 17 Early 2023"]
[White "Tymrakiewicz, Rafal"]
[Black "Bas Mas, Jose Joaquin"]
[WhiteFideId "1108832"]
[BlackFideId "22219064"]
[WhiteElo "2144"]
[BlackElo "2197"]
[Result "1-0"]
[Round "07"]
[TimeControl "180+2"]
[Date "2023.01.17"]
[WhiteClock "0:00:11"]
[BlackClock "0:00:26"]

1. e4 Nf6 2. e5 Nd5 3. d4 d6 4. Nf3 dxe5 5. dxe5 Bf5 6. Bd3 Bxd3 7. Qxd3 Nc6 8. O-O e6 9. a3 Be7 10. b4 a6 11. Bb2 O-O 12. c4 Nb6 13. Qe4 Na4 14. Ra2 a5 15. b5 Na7 16. Bd4 Nc8 17. Rd2 Rb8 18. Rfd1 Qe8 19. Nc3 Ncb6 20. Nxa4 Nxa4 21. Qe3 b6 22. Ng5 Bxg5 23. Qxg5 h6 24. Qg4 Qe7 25. Be3 Kh8 26. Rd7 Qxa3 27. Bxh6 gxh6 28. Qf4 Kg7 29. Qf6+ Kh7 30. Rxf7+ Rxf7 31. Qxf7+ Kh8 32. Qf6+ Kg8 33. Qxe6+ Kh8 34. Qxh6+ Kg8 35. Qg6+ Kh8 36. h4 Qb2 37. Qf6+ Kg8 38. Rd7 1-0


[Site "https://www.chess.com"]

[Event "Titled Tuesday Blitz January 17 Early 2023"]
[White "Golding, Alex"]
[Black "Bommini, Mounika Akshaya"]
[WhiteFideId "427241"]
[BlackFideId "25019872"]
[WhiteElo "2318"]
[BlackElo "2118"]
[Result "0-1"]
[Round "07"]
[TimeControl "180+2"]
[Date "2023.01.17"]
[WhiteClock "0:02:12"]
[BlackClock "0:01:20"]

1. d4 Nf6 2. c4 c5 3. e3 d5 4. cxd5 cxd4 5. Qxd4 Nxd5 6. Nc3 Nxc3 7. Qxc3 Nc6 8. Bb5 Bd7 9. Nf3 e6 10. O-O Rc8 11. Rd1 a6 12. Bxc6 Rxc6 13. Qd4 Rd6 14. Qxd6 Bxd6 15. Rxd6 Qc7 16. Rd2 O-O 17. b3 Bc6 18. Nd4 Rd8 19. Rc2 e5 20. Nxc6 Rd1# 0-1


[Site "https://www.chess.com"]

[Event "Titled Tuesday Blitz January 17 Early 2023"]
[White "Lauridsen, Jesper Morch"]
[Black "Jimenez, Joaquin"]
[WhiteFideId "1401890"]
[BlackFideId "109860"]
[WhiteElo "2309"]
[BlackElo "2195"]
[Result "0-1"]
[Round "07"]
[TimeControl "180+2"]
[Date "2023.01.17"]
[WhiteClock "0:00:03"]
[BlackClock "0:00:21"]

1. Nf3 Nf6 2. b3 g6 3. Bb2 Bg7 4. e3 O-O 5. Be2 d6 6. c4 e5 7. d3 c5 8. Nc3 Nc6 9. O-O h6 10. a3 Be6 11. d4 exd4 12. exd4 cxd4 13. Nxd4 Nxd4 14. Qxd4 d5 15. Nxd5 Bxd5 16. cxd5 Qxd5 17. Qxd5 Nxd5 18. Bxg7 Kxg7 19. Bf3 Nf6 20. Rfc1 Rac8 21. Kf1 b6 22. a4 Rfd8 23. Rxc8 Rxc8 24. a5 Rc3 25. axb6 axb6 26. Rb1 g5 27. h3 h5 28. Ke2 g4 29. hxg4 hxg4 30. Kd2 Rc7 31. Ba8 Ra7 32. Bc6 Rc7 33. Rc1 Ra7 34. Rc2 Kg6 35. g3 Kf5 36. Bg2 Ke5 37. Rc6 Ra2+ 38. Ke3 Nd7 39. Rc7 Nc5 40. Rxf7 Ra3 41. Re7+ Kd6 42. Re8 Rxb3+ 43. Kf4 Rb2 44. Kxg4 Rxf2 45. Ba8 Ra2 46. Rd8+ Kc7 47. Rh8 b5 48. Bf3 b4 49. Rh6 Rc2 50. Rc6+ Kd7 51. Be4 Rc4 52. Kf5 Nxe4 53. Rxc4 Nd6+ 54. Ke5 Nxc4+ 55. Kd4 b3 56. Kc3 b2 57. Kc2 Ke6 0-1


[Site "https://www.chess.com"]

[Event "Titled Tuesday Blitz January 17 Early 2023"]
[White "Estrada Nieto, Julian"]
[Black "Vaglio Munoz, Jaime"]
[WhiteFideId "5101018"]
[BlackFideId "6500145"]
[WhiteElo "2215"]
[BlackElo "2174"]
[Result "0-1"]
[Round "07"]
[TimeControl "180+2"]
[Date "2023.01.17"]
[WhiteClock "0:00:02"]
[BlackClock "0:01:13"]

1. e4 c5 2. Nf3 Qa5 3. c3 Nc6 4. a3 Nf6 5. e5 Ng4 6. d4 cxd4 7. b4 Qb6 8. cxd4 d6 9. h3 Nh6 10. Bxh6 gxh6 11. exd6 e6 12. Nc3 Bxd6 13. Bd3 Rg8 14. O-O Rg7 15. d5 Ne7 16. Re1 Bd7 17. Qd2 O-O-O 18. Rac1 Kb8 19. Qxh6 Rdg8 20. Bf1 e5 21. Ne4 Nf5 22. Qh5 Ng3 23. Nxg3 Rxg3 24. Qxh7 Bxh3 25. Nh4 Bc8 26. Qc2 R3g4 27. Nf3 e4 28. Nd2 Qd8 0-1


[Site "https://www.chess.com"]

[Event "Titled Tuesday Blitz January 17 Early 2023"]
[White "Valle Maytin, Luis Enrique"]
[Black "Sailer, Mike"]
[WhiteFideId "3503666"]
[BlackFideId "2012901"]
[WhiteElo "2241"]
[BlackElo "2109"]
[Result "1-0"]
[Round "07"]
[TimeControl "180+2"]
[Date "2023.01.17"]
[WhiteClock "0:01:08"]
[BlackClock "0:00:09"]

1. e4 d5 2. exd5 Qxd5 3. Nc3 Qd6 4. Bc4 Nf6 5. d3 c6 6. Bd2 Bg4 7. f3 Bf5 8. Qe2 e6 9. g4 Bg6 10. f4 h5 11. f5 Bh7 12. fxe6 fxe6 13. Bxe6 Be7 14. g5 Nd5 15. Nxd5 cxd5 16. O-O-O Bg6 17. Nf3 Nc6 18. Rde1 Kd8 19. Nh4 Be8 20. Nf5 Qc5 21. Bxd5 Qxd5 22. Nxe7 Qxa2 23. Nxc6+ Bxc6 24. Qe7+ Kc8 25. Bf4 Qa1+ 26. Kd2 Qa5+ 27. b4 Qd8 28. Rhf1 Qxe7 29. Rxe7 g6 30. c4 Kd8 31. Rg7 Be8 32. Be5 Rf8 33. Rxf8 1-0


[Site "https://www.chess.com"]

[Event "Titled Tuesday Blitz January 17 Early 2023"]
[White "Tokhirjonova, Gulrukhbegim"]
[Black "Zemlyanskii, Ivan"]
[WhiteFideId "14203626"]
[BlackFideId "24249971"]
[WhiteElo "2340"]
[BlackElo "2300"]
[Result "0-1"]
[Round "07"]
[TimeControl "180+2"]
[Date "2023.01.17"]
[WhiteClock "0:02:23"]
[BlackClock "0:02:21"]

1. e4 c5 2. Nf3 e6 3. d4 cxd4 4. Nxd4 Nf6 5. Nc3 Nc6 6. Nxc6 bxc6 7. e5 Nd5 8. Ne4 Qc7 9. f4 Rb8 10. c4 Bb4+ 11. Ke2 O-O 12. cxd5 cxd5 13. Nf2 d6 14. Nd3 dxe5 15. fxe5 f6 16. Be3 fxe5 17. Rc1 Qf7 18. Nxe5 Ba6+ 19. Nd3 Qh5+ 0-1


[Site "https://www.chess.com"]

[Event "Titled Tuesday Blitz January 17 Early 2023"]
[White "Rodrigues, Leonardo De Miranda"]
[Black "Makhnev, Denis"]
[WhiteFideId "2108658"]
[BlackFideId "13707647"]
[WhiteElo "2112"]
[BlackElo "2483"]
[Result "0-1"]
[Round "07"]
[TimeControl "180+2"]
[Date "2023.01.17"]
[WhiteClock "0:00:02"]
[BlackClock "0:00:20"]

1. e4 c6 2. d4 d5 3. e5 Bf5 4. Nc3 e6 5. g4 Bg6 6. Nge2 c5 7. Be3 Nc6 8. h4 h5 9. Nf4 Bh7 10. Nxh5 cxd4 11. Bxd4 Bxc2 12. Qd2 Bg6 13. Nf4 Rxh4 14. Rxh4 Qxh4 15. Nxg6 fxg6 16. O-O-O Qxg4 17. f4 Bb4 18. Kb1 Nge7 19. Rc1 g5 20. Qh2 Qf5+ 21. Ka1 Nxd4 22. Nb5 Nxb5 23. Bxb5+ Kf7 24. fxg5 Qxg5 25. Rf1+ Nf5 26. a3 Bc5 27. Qc2 Rc8 28. Bd3 g6 29. Ka2 Rc7 30. b4 Bb6 31. Qh2 Kg7 32. Rh1 Qh6 33. Qg2 Qe3 34. Qh2 Nh6 35. Bb1 Rc3 0-1


[Site "https://www.chess.com"]

[Event "Titled Tuesday Blitz January 17 Early 2023"]
[White "Ruiz Aguilar, Pablo Alexander"]
[Black "Wagh Suyog"]
[WhiteFideId "4401352"]
[BlackFideId "25071688"]
[WhiteElo "2161"]
[BlackElo "2313"]
[Result "0-1"]
[Round "07"]
[TimeControl "180+2"]
[Date "2023.01.17"]
[WhiteClock "0:00:38"]
[BlackClock "0:01:30"]

1. e4 b6 2. d4 Bb7 3. Nc3 e6 4. a3 Nf6 5. Bd3 c5 6. Nf3 cxd4 7. Nxd4 a6 8. O-O d6 9. Re1 Be7 10. Nf3 Nbd7 11. Bf4 O-O 12. e5 Bxf3 13. Qxf3 dxe5 14. Bxe5 Nxe5 15. Rxe5 Qc7 16. Rae1 b5 17. Qh3 Rfd8 18. Rg5 g6 19. Qh6 Bf8 20. Qh4 Bg7 21. Rg3 Rac8 22. Rh3 Nh5 23. g4 Nf6 24. g5 Nh5 25. Be2 Qf4 26. Bxh5 Qxh4 27. Rxh4 gxh5 28. Rxh5 Bxc3 29. bxc3 Rxc3 30. a4 b4 31. Rb1 Rd4 32. g6 hxg6 33. Ra5 Rxc2 34. Rxa6 Rg4+ 35. Kh1 Rxf2 36. Rb6 Ra2 37. R6xb4 Rxa4 38. Rxg4 Rxg4 39. h3 Ra4 40. Kg2 Kg7 41. Rb7 g5 42. Rc7 Kg6 43. Rb7 Ra3 44. Rc7 Ra4 45. Re7 g4 46. hxg4 Rxg4+ 47. Kf3 Ra4 48. Rb7 f5 49. Re7 Kf6 50. Re8 Ra3+ 51. Ke2 Ke5 52. Rb8 f4 53. Rb5+ Ke4 54. Rb4+ Kf5 55. Kf2 e5 56. Rb8 Ra2+ 57. Kf1 f3 58. Rb4 e4 59. Rb8 Kf4 60. Rf8+ Ke3 61. Rxf3+ Kxf3 62. Kg1 e3 63. Kh1 e2 64. Kh2 e1=Q+ 65. Kh3 Qg3# 0-1


[Site "https://www.chess.com"]

[Event "Titled Tuesday Blitz January 17 Early 2023"]
[White "Topalov, Aleksandar"]
[Black "Sielecki, Christof"]
[WhiteFideId "925659"]
[BlackFideId "4620437"]
[WhiteElo "2233"]
[BlackElo "2419"]
[Result "0-1"]
[Round "07"]
[TimeControl "180+2"]
[Date "2023.01.17"]
[WhiteClock "0:00:11"]
[BlackClock "0:01:00"]

1. b3 d5 2. Bb2 c5 3. e3 Nf6 4. f4 g6 5. Nf3 Bg7 6. Bb5+ Nbd7 7. O-O O-O 8. d3 Nb6 9. d4 c4 10. bxc4 a6 11. c5 axb5 12. cxb6 Qxb6 13. Nbd2 Bg4 14. Bc3 Rfc8 15. Bb4 e6 16. c3 Ne4 17. Nxe4 dxe4 18. h3 Bxf3 19. gxf3 exf3 20. Qxf3 Bf8 21. Rfc1 Bxb4 22. cxb4 Rc4 23. Rxc4 bxc4 24. a3 c3 25. Qe4 Qc7 26. Qc2 Qc4 27. Kf2 b5 28. Ke1 Kg7 29. Kf2 f6 30. Ke1 e5 31. fxe5 fxe5 32. Qe4 Rf8 33. Qxe5+ Kg8 0-1


[Site "https://www.chess.com"]

[Event "Titled Tuesday Blitz January 17 Early 2023"]
[White "Fernandez Siles, Luis"]
[Black "Bethke, Richard"]
[WhiteFideId "2209420"]
[BlackFideId "12959243"]
[WhiteElo "2218"]
[BlackElo "2382"]
[Result "0-1"]
[Round "07"]
[TimeControl "180+2"]
[Date "2023.01.17"]
[WhiteClock "0:00:01"]
[BlackClock "0:00:26"]

1. d4 Nf6 2. c4 e6 3. Nf3 d5 4. Nc3 b6 5. e3 Bb7 6. Bd3 Nbd7 7. O-O dxc4 8. Bxc4 Bd6 9. Qe2 O-O 10. Rd1 Qe7 11. e4 e5 12. Bg5 h6 13. Bh4 exd4 14. Nxd4 Bxe4 15. Nxe4 Qxe4 16. Qxe4 Nxe4 17. Nf5 g5 18. Bg3 Bxg3 19. hxg3 Ndf6 20. Nxh6+ Kg7 21. Nf5+ Kh7 22. Bd3 Rad8 23. f3 Nc5 24. Bc2 Kh8 25. Kf2 Rfe8 26. b4 Ne6 27. a4 c5 28. Nh6 Kg7 29. Nf5+ Kf8 30. bxc5 Nxc5 31. a5 b5 32. a6 b4 33. Rac1 b3 34. Bb1 b2 35. Rxc5 Rxd1 36. Ba2 Rde1 37. g4 b1=Q 38. Bxb1 Rxb1 39. Rc7 Rb2+ 40. Kg3 Ree2 41. Rxa7 Rxg2+ 0-1


[Site "https://www.chess.com"]

[Event "Titled Tuesday Blitz January 17 Early 2023"]
[White "Mrudul Dehankar"]
[Black "Iljin, Timofey"]
[WhiteFideId "25096990"]
[BlackFideId "14110180"]
[WhiteElo "2030"]
[BlackElo "2329"]
[Result "1-0"]
[Round "07"]
[TimeControl "180+2"]
[Date "2023.01.17"]
[WhiteClock "0:00:07"]
[BlackClock "0:00:17"]

1. e4 e5 2. Nf3 Nc6 3. d4 exd4 4. Nxd4 Nf6 5. Nxc6 bxc6 6. e5 Qe7 7. Qe2 Nd5 8. h4 a5 9. c4 Ba6 10. Nd2 g6 11. Qe4 Nb4 12. Nf3 f5 13. Qb1 Bg7 14. Bf4 d6 15. a3 dxe5 16. Bg5 Qc5 17. axb4 Qxb4+ 18. Bd2 Qc5 19. Rxa5 Qe7 20. Qa2 e4 21. Ng5 e3 22. fxe3 f4 23. Rxa6 Rxa6 24. Qxa6 O-O 25. Qxc6 Kh8 26. Qe6 Qxe6 27. Nxe6 Ra8 28. Nxg7 Kxg7 29. exf4 Kf6 30. Bc3+ Kf5 31. Bd3+ Kg4 32. Kd2 Kxf4 33. Rf1+ Kg3 34. Be4 Rd8+ 35. Ke3 c5 36. Be5+ Kxh4 37. Rh1+ Kg4 38. Rxh7 g5 39. Rf7 Kh5 40. g4+ Kh4 41. Bf5 Kh3 42. Rh7+ Kg2 43. Be4+ Kf1 44. Rh1# 1-0


[Site "https://www.chess.com"]

[Event "Titled Tuesday Blitz January 17 Early 2023"]
[White "Nugumanov, Bakhtiyar"]
[Black "Biastoch, Bennet"]
[WhiteFideId "13701797"]
[BlackFideId "12939889"]
[WhiteElo "2316"]
[BlackElo "2257"]
[Result "1-0"]
[Round "07"]
[TimeControl "180+2"]
[Date "2023.01.17"]
[WhiteClock "0:00:04"]
[BlackClock "0:00:23"]

1. Nf3 d5 2. g3 Nf6 3. Bg2 e6 4. O-O Be7 5. c4 O-O 6. b3 b6 7. Bb2 Bb7 8. e3 c5 9. Nc3 Nc6 10. cxd5 exd5 11. d4 Rc8 12. Rc1 h6 13. Re1 Ne4 14. Re2 Nxc3 15. Bxc3 Bf6 16. dxc5 Bxc3 17. Rxc3 Ne7 18. b4 a5 19. a3 axb4 20. axb4 bxc5 21. bxc5 Qa5 22. Rec2 Rc7 23. Nd4 Rfc8 24. Qc1 Ba6 25. Nb3 Qb4 26. Nd2 g6 27. Rb2 Qa4 28. Rb6 Qa5 29. Qb2 Rxc5 30. Rxc5 Rxc5 31. Rb8+ Bc8 32. Nb3 Qe1+ 33. Bf1 Rc7 34. Qd2 Qb1 35. Kg2 Kh7 36. Bd3 Bh3+ 37. Kxh3 Qh1 38. Kg4 Qg2 39. h4 h5+ 40. Kf4 Qh3 41. f3 d4 42. Qb2 Nd5+ 43. Ke4 Qf5+ 44. Kxd4 Qd7 45. Ke4 Ne7 46. Qh8# 1-0


[Site "https://www.chess.com"]

[Event "Titled Tuesday Blitz January 17 Early 2023"]
[White "Hajiyev, Kanan"]
[Black "Garmash, Aliona"]
[WhiteFideId "13404148"]
[BlackFideId "34127620"]
[WhiteElo "2197"]
[BlackElo "2039"]
[Result "1-0"]
[Round "07"]
[TimeControl "180+2"]
[Date "2023.01.17"]
[WhiteClock "0:00:39"]
[BlackClock "0:00:01"]

1. d4 d5 2. c4 c6 3. cxd5 cxd5 4. Nc3 Nf6 5. Nf3 Nc6 6. Bg5 Ne4 7. Bf4 Nxc3 8. bxc3 Bf5 9. e3 e6 10. Qb3 Qa5 11. Be2 Qa3 12. O-O Qxb3 13. axb3 Be7 14. b4 O-O 15. b5 Nb8 16. Ra2 Nd7 17. Rfa1 Rfc8 18. Rxa7 Rxa7 19. Rxa7 Rxc3 20. g4 Bxg4 21. Rxb7 Bh3 22. e4 e5 23. Bd2 Rc2 24. Bd3 Ra2 25. exd5 exd4 26. Bf1 Ra1 27. Ne1 Bf5 28. f3 h5 29. Bd3 1-0


[Site "https://www.chess.com"]

[Event "Titled Tuesday Blitz January 17 Early 2023"]
[White "Ortega Ruiz, Jose Miguel"]
[Black "Zaichenko, Daria"]
[WhiteFideId "2209713"]
[BlackFideId "4197453"]
[WhiteElo "2351"]
[BlackElo "2104"]
[Result "1-0"]
[Round "07"]
[TimeControl "180+2"]
[Date "2023.01.17"]
[WhiteClock "0:00:47"]
[BlackClock "0:00:01"]

1. Nf3 Nf6 2. e3 d5 3. d4 e6 4. c4 c5 5. Nc3 Nc6 6. cxd5 exd5 7. Bb5 cxd4 8. Nxd4 Bd7 9. O-O Bc5 10. Nb3 Be7 11. Nxd5 Nxd5 12. Qxd5 O-O 13. e4 Qc7 14. Nc5 Rad8 15. Nxd7 Rxd7 16. Qh5 Rd4 17. Be3 Rxe4 18. g3 Re5 19. Qe2 Nd4 20. Qc4 Nxb5 21. Qa4 a6 22. Bf4 Bd6 23. Rac1 Qe7 24. Bxe5 Qxe5 25. Rb1 Nd4 26. Qd1 Bc5 27. b4 Ba7 28. Kg2 f5 29. f4 Qe4+ 30. Kh3 g5 31. fxg5 f4 32. Qg4 Qg6 33. gxf4 Nf5 34. Qf3 Re8 35. Rfe1 Be3 36. Rb3 Qe6 37. Qg4 Qg6 38. Kg2 h5 39. Qh3 Qe6 40. Qxh5 1-0


[Site "https://www.chess.com"]

[Event "Titled Tuesday Blitz January 17 Early 2023"]
[White "Lakshmi C"]
[Black "Begunov, Konstantin"]
[WhiteFideId "25035347"]
[BlackFideId "4118510"]
[WhiteElo "1928"]
[BlackElo "2325"]
[Result "0-1"]
[Round "07"]
[TimeControl "180+2"]
[Date "2023.01.17"]
[WhiteClock "0:00:05"]
[BlackClock "0:00:34"]

1. e4 c5 2. Nf3 d6 3. d4 cxd4 4. Nxd4 Nf6 5. Nc3 a6 6. Bg5 e6 7. f4 Qb6 8. Qd2 Nc6 9. O-O-O Bd7 10. Nxc6 Bxc6 11. e5 dxe5 12. fxe5 Nd7 13. Bf4 Bb4 14. a3 Bc5 15. Ne4 O-O 16. Nd6 Nxe5 17. b4 Bxd6 18. Qxd6 Ng6 19. Bg5 h6 20. Bd2 Rfd8 21. Qg3 Be4 22. Bc4 Qc6 23. Qb3 Rac8 0-1


[Site "https://www.chess.com"]

[Event "Titled Tuesday Blitz January 17 Early 2023"]
[White "Liu, Casper"]
[Black "Myshakov, Fyodor"]
[WhiteFideId "1454153"]
[BlackFideId "14111284"]
[WhiteElo "2278"]
[BlackElo "2292"]
[Result "0-1"]
[Round "07"]
[TimeControl "180+2"]
[Date "2023.01.17"]
[WhiteClock "0:01:55"]
[BlackClock "0:01:56"]

1. d4 d5 2. Bf4 Bf5 3. e3 Nf6 4. Nf3 e6 5. Nbd2 Bd6 6. Bd3 Bxd3 7. cxd3 Bxf4 8. exf4 O-O 9. Ne5 Ne8 10. O-O f6 11. Nef3 Nd6 12. Re1 Re8 13. Nb3 b6 14. Rc1 a5 15. Qc2 c6 16. h4 Nf5 17. h5 Qd6 18. g4 Qxf4 19. gxf5 Qxf3 20. fxe6 Qg4+ 21. Kf1 Qh3+ 22. Kg1 Qg4+ 23. Kf1 Rxe6 24. Rxe6 Qxe6 25. Re1 Qh3+ 26. Kg1 Qg4+ 27. Kf1 Qxh5 28. Re7 Kf8 29. Rc7 Na6 30. Rxc6 Qh1+ 31. Ke2 Re8+ 32. Kd2 Qe1# 0-1


[Site "https://www.chess.com"]

[Event "Titled Tuesday Blitz January 17 Early 2023"]
[White "Ahmad, Al Khatib"]
[Black "Orujov, Elshad"]
[WhiteFideId "8103178"]
[BlackFideId "13403540"]
[WhiteElo "2344"]
[BlackElo "2304"]
[Result "1-0"]
[Round "07"]
[TimeControl "180+2"]
[Date "2023.01.17"]
[WhiteClock "0:00:11"]
[BlackClock "0:00:10"]

1. Nf3 Nf6 2. g3 d5 3. Bg2 c5 4. O-O Nc6 5. d4 cxd4 6. Nxd4 e5 7. Nxc6 bxc6 8. c4 Be7 9. Nc3 Be6 10. cxd5 cxd5 11. Bg5 d4 12. Bxf6 Bxf6 13. Bxa8 Qxa8 14. Nb5 Qc6 15. a4 a6 16. Rc1 Qd7 17. Nc7+ Ke7 18. Nxe6 Qxe6 19. Rc7+ Kf8 20. Qc1 g6 21. Qc4 Qe8 22. Rc8 Bd8 23. Rc1 Kg7 24. Qd5 Qxa4 25. Rxd8 Rxd8 26. Qxd8 Qb4 27. Qc7 Qb5 28. Rc2 h5 29. Qc4 Qa5 30. Qc5 Qe1+ 31. Kg2 d3 32. exd3 h4 33. gxh4 Qd1 34. Qc4 Kh6 35. Rc3 f5 36. h5 e4 37. dxe4 f4 38. Qd3 Qg4+ 39. Kf1 Qxh5 40. Qh3 1-0


[Site "https://www.chess.com"]

[Event "Titled Tuesday Blitz January 17 Early 2023"]
[White "Krstulovic, Alex"]
[Black "Bashirli, Saadat"]
[WhiteFideId "760056"]
[BlackFideId "13429990"]
[WhiteElo "2428"]
[BlackElo "1571"]
[Result "1-0"]
[Round "07"]
[TimeControl "180+2"]
[Date "2023.01.17"]
[WhiteClock "0:00:47"]
[BlackClock "0:00:31"]

1. e4 e6 2. d4 d5 3. e5 c5 4. c3 Nc6 5. Nf3 Qb6 6. Be2 Nge7 7. Na3 Nf5 8. Nc2 Be7 9. g4 Nh4 10. Nxh4 Bxh4 11. O-O Be7 12. f4 O-O 13. f5 exf5 14. gxf5 cxd4 15. f6 dxc3+ 16. Kh1 Bc5 17. Bd3 Nxe5 18. Bxh7+ Kxh7 19. Qh5+ Kg8 20. fxg7 Ng6 21. gxf8=Q+ Bxf8 22. bxc3 Be6 23. Nd4 Rc8 24. Bh6 Bg7 25. Bxg7 Kxg7 26. Rae1 Rxc3 27. Nxe6+ fxe6 28. Rg1 e5 29. Qxe5+ Qf6 30. Qxd5 Rc6 31. Ref1 Qh4 32. Rf7+ Kh6 33. Qd2+ Kh5 34. Rh7# 1-0


[Site "https://www.chess.com"]

[Event "Titled Tuesday Blitz January 17 Early 2023"]
[White "Baches Garcia, Guillermo"]
[Black "Cueto, Jonny"]
[WhiteFideId "2209764"]
[BlackFideId "3300145"]
[WhiteElo "2327"]
[BlackElo "2122"]
[Result "1-0"]
[Round "07"]
[TimeControl "180+2"]
[Date "2023.01.17"]
[WhiteClock "0:00:10"]
[BlackClock "0:00:02"]

1. e4 e6 2. d4 d5 3. exd5 exd5 4. Nf3 Bd6 5. c4 Nf6 6. Nc3 Bg4 7. h3 Bh5 8. cxd5 O-O 9. Bc4 Re8+ 10. Be3 Bb4 11. O-O Bxc3 12. bxc3 Nxd5 13. Bd2 c6 14. g4 Bg6 15. Ne5 Nd7 16. f4 Nxe5 17. fxe5 Qh4 18. Qf3 b5 19. Bb3 a5 20. a4 b4 21. c4 Ne7 22. d5 cxd5 23. cxd5 Rad8 24. Rad1 Nc8 25. Bf4 Nb6 26. d6 Nd7 27. Rfe1 h5 28. Qg3 Qxg3+ 29. Bxg3 hxg4 30. hxg4 Nc5 31. Bc4 Nxa4 32. Bb5 Re6 33. Bxa4 Kh7 34. Bh4 Rb8 35. d7 b3 36. Bxb3 Reb6 37. Ba2 Rb2 38. Bb1 Bxb1 39. d8=Q Rxd8 40. Bxd8 1-0


[Site "https://www.chess.com"]

[Event "Titled Tuesday Blitz January 17 Early 2023"]
[White "Samaganova, Aleksandra"]
[Black "Castellanos Gomez, Alejandro"]
[WhiteFideId "13800221"]
[BlackFideId "22284141"]
[WhiteElo "1856"]
[BlackElo "2253"]
[Result "0-1"]
[Round "07"]
[TimeControl "180+2"]
[Date "2023.01.17"]
[WhiteClock "0:00:01"]
[BlackClock "0:00:13"]

1. c4 Nf6 2. Nc3 g6 3. g3 Bg7 4. Bg2 O-O 5. e3 c6 6. Nge2 d6 7. O-O Nbd7 8. d4 Qc7 9. Rb1 e5 10. b4 Re8 11. b5 h5 12. h3 Nf8 13. a4 Ne6 14. f4 exd4 15. exd4 Nf8 16. Kh2 Bf5 17. Rb3 Rad8 18. bxc6 bxc6 19. Ba3 Qc8 20. Qd2 Qe6 21. d5 cxd5 22. cxd5 Qc8 23. Nd4 Ne4 24. Nxe4 Bxe4 25. Nc6 Bxg2 26. Kxg2 Qa6 27. Re3 Rc8 28. Ne7+ Rxe7 29. Rxe7 Qxa4 30. Qb4 Qc2+ 31. Rf2 Qd3 32. Qe4 Qxa3 33. Re8 Rc3 34. Rf3 Qa2+ 35. Rf2 Qb3 36. Rf3 Rc2+ 37. Rf2 Rxf2+ 38. Kxf2 Qb2+ 39. Qe2 Bd4+ 40. Kf3 Qc3+ 41. Kg2 Qc1 42. Qe1 Qc4 43. Qe4 Qa2+ 44. Qe2 Qxd5+ 45. Kh2 Kg7 46. h4 Ne6 47. Re7 Qb3 48. Rd7 Qb1 49. Re7 Qg1+ 50. Kh3 Bf2 0-1


[Site "https://www.chess.com"]

[Event "Titled Tuesday Blitz January 17 Early 2023"]
[White "Martin, Lewis"]
[Black "Gatterer, Florian"]
[WhiteFideId "410551"]
[BlackFideId "811688"]
[WhiteElo "2135"]
[BlackElo "2170"]
[Result "1/2-1/2"]
[Round "07"]
[TimeControl "180+2"]
[Date "2023.01.17"]
[WhiteClock "0:02:50"]
[BlackClock "0:02:58"]

1. e4 c5 2. Nf3 e6 3. d4 cxd4 4. Nxd4 Nf6 5. Nc3 Nc6 6. Ndb5 Bb4 7. a3 Bxc3+ 8. Nxc3 d5 9. exd5 exd5 10. Bd3 O-O 11. O-O Bg4 12. f3 Bh5 13. Bg5 Qb6+ 14. Kh1 Ne4 1/2-1/2


[Site "https://www.chess.com"]